[Event "Early-Titled-Tuesday-Blitz-April-16-2024"]
[Site "Chess.com"]
[Date "2024.04.16"]
[Round "8"]
[White "theoneandonlydaaevik"]
[Black "LastHeroJr"]
[Result "1/2-1/2"]
[WhiteElo "2584"]
[BlackElo "2485"]
[TimeControl "180+1"]
[EndTime "9:34:11 PDT"]
[Termination "Game drawn by 50-move rule"]

1. d4 d5 2. c4 e6 3. Nf3 c6 4. e3 Nf6 5. Nc3 Be7 6. Qc2 O-O 7.
e4 dxe4 8. Nxe4 Nbd7 9. Bd3 b6 10. O-O Bb7 11. Ne5 h6 12. Be3 c5 13. Nxd7 Qxd7 14.
dxc5 Nxe4 15. Bxe4 Bxe4 16. Qxe4 bxc5 17. Rfd1 Qc7 18. Bf4 Qb6 19. b3 Bf6 20. Be5 Bxe5 21. Qxe5 Rfd8 22. g3 a5 23. h4 Rac8 24. Kh2 Qb4 25.
Qe3 a4 26. bxa4 Qxc4 27. Rxd8+ Rxd8 28. a5 Rd3 29. Rc1 Qd4 30. Qxd4 cxd4 31. Rc4 e5 32. Ra4 Rc3 33. a6 Rc8 34. a7 Ra8 35. Kg2 Kf8 36. Kf3 f6 37. Ke4 Ke7 38. f4 exf4 39. gxf4 Ke6 40.
Ra6+ Kd7 41. Kxd4 Kc7 42. Ke4 Kb7 43. Ra5 Re8+ 44. Kf5 Ka8 45. Kg6 Re7 46. h5 Rd7 47.
f5 Rc7 48. Kh7 Rd7 49. Kg8 Rc7 50. Kf8 Rd7 51. Ke8 Rc7 52. Rd5 Rc2 53. Kf7 Rg2 54. Rd7 Rg5 55. Ke6 Rg1 56. Rf7 Re1+ 57. Kd6 Rg1 58. Re7 Rf1 59. Kc7 Kxa7 60. Rxg7 Rxf5 61. Rg4 Ka6 62. Kd6 Rxh5 63. Ke6 f5 64. Rf4 Rh2 65. Kxf5 Kb5 66. Kg6 h5 67. a4+ Ka6 68. Rf5 h4 69.
Kg5 Rh1 70. Kg4 h3 71. Kg3 Kb6 72. Rh5 Ra1 73. Rxh3 Rxa4 74. Rh6+ Kc5 75. Rh5+ Kd6 76. Rh4 Ra1 77. Rf4 Ke5 78. Rf8 Rg1+ 79. Kf2 Rg7 80. Re8+ Kd6 81. Re1 Rf7+ 82. Kg3 Kd5 83. Rd1+ Ke4 84.
Re1+ Kd3 85. Kg4 Kd2 86. Re6 Rg7+ 87. Kf5 Rg1 88. Rd6+ Ke3 89. Re6+ Kf3 90. Ra6 Ke3 91. Ke5 Rg5+ 92. Kf6 Rh5 93. Ra3+ Kd4 94. Ra4+ Kc3 95. Kg6 Rb5 96. Rf4 Kd3 97. Rf5 Rb8 98.
Rf6 Ke4 99. Kf7 Ke5 100. Re6+ Kf5 101. Rf6+ Kg5 102. Rg6+ Kh5 103. Rc6 Rb7+ 104. Ke6 Rb1 105. Rc5+ Kg6 106. Kd6 Kf6 107. Kc6 Ke6 108. Rc2 Re1 109. Kc7 Ke7 110. Kc6 Re6+ 111. Kc7 Re4 112. Rc3 Ra4 113. Re3+ Kf6 114. Kd6 Rd4+ 115. Kc5 Rd1 116. Rf3+ Ke5 117. Re3+ Kf4 118. Re8 Rc1+ 119. Kd6 Rd1+ 120. Kc5 Rc1+ 121. Kd5 Ra1 122. Rf8+ Kg5 123. Re8 Kf6 1/2-1/2

[Event "Early-Titled-Tuesday-Blitz-April-16-2024"]
[Site "Chess.com"]
[Date "2024.04.16"]
[Round "8"]
[White "Kostukov_Alex"]
[Black "janhelmer03"]
[Result "1/2-1/2"]
[WhiteElo "2279"]
[BlackElo "2400"]
[TimeControl "180+1"]
[EndTime "9:35:34 PDT"]
[Termination "Game drawn by 50-move rule"]

1. g3 c5 2. Bg2 Nc6 3. c4 g6 4.
Nf3 Bg7 5. O-O d6 6. Nc3 Nf6 7. d4 O-O 8. dxc5 dxc5 9. Bf4 Be6 10.
Ne5 Nxe5 11. Bxe5 Bxc4 12. Bxb7 Qxd1 13. Rfxd1 Rad8 14. b3 Be6 15. Na4 c4 16. Nc5 cxb3 17. Nxe6 fxe6 18. axb3 Rxd1+ 19. Rxd1 Ng4 20. Bxg7 Kxg7 21.
f3 Ne5 22. Ra1 Rb8 23. Rxa7 Kf6 24. b4 Nc4 25. b5 Nd6 26. Ba6 Nxb5 27. Rb7 Rxb7 28.
Bxb7 e5 29. Kf2 Nd6 30. Bc6 g5 31. h4 h6 32. hxg5+ hxg5 33. Ba4 e4 34. Ke3 exf3 35. exf3 e5 36. Bb3 Nf5+ 37. Kf2 Nd4 38. Bd1 Kf5 39. Ba4 Kf6 40. Bd1 Nb5 41. Ba4 Nc3 42. Bd7 Nd5 43. Ba4 Nb6 44. Bd1 Ke6 45. Be2 Kd5 46.
Ke3 Nd7 47. Bd3 Nf6 48. Bc2 Nh5 49. Bb3+ Kd6 50. Kf2 e4 51. Bf7 Nf6 52. Bg6 exf3 53. Kxf3 Ke5 54. Kf2 Ng4+ 55. Kf3 Nf6 56. Kg2 Kd4 57.
Bf5 Ke3 58. Bg6 Ke2 59. Bf7 Ng4 60. Be6 Ne3+ 61. Kh3 Kf3 62. Bd7 Nf1 63. g4 Kf4 64. Bc8 Ne3 65. Bd7 Nd1 66. Bc8 Nc3 67. Bd7 Ne4 68. Bc8 Nf2+ 69. Kg2 Nxg4 70. Kf1 Ne3+ 71. Kf2 Nd5 72. Kg2 Nf6 73. Kf2 Ne4+ 74. Kg2 Nd6 75. Bd7 Nf7 76. Bc8 Ne5 77. Kf2 Nd3+ 78. Kg2 Ne1+ 79. Kf1 Nf3 80. Kg2 Nh4+ 81. Kh3 Kf3 82. Bd7 Ng6 83. Bc8 Nf4+ 84. Kh2 Kf2 85. Bd7 Ng6 86. Kh3 Ne5 87. Bc8 Kf3 88. Kh2 Nd3 89. Kh3 Nf4+ 90. Kh2 Kf2 91. Bd7 Ng6 92. Kh3 Ne5 93.
Bc8 Ke3 94. Kg3 Ke4 95. Kh3 Kd4 96. Kg3 Kd5 97. Ba6 Kd6 98. Be2 Ke6 99. Kh3 Kf5 100. Kg3 Ke4 101. Kh3 Ke3 102. Bh5 Kf4 103. Kg2 Ng4 104. Kh3 Nf6 105. Bg6 g4+ 106. Kg2 g3 107. Bf7 Ng4 108.
Be8 Ne3+ 109. Kg1 Kf3 110. Bc6+ Kf4 111. Bb7 Nc2 112. Kg2 Nd4 113. Ba8 Nf5 114. Kg1 Ne3 115. Bb7 Kg4 116. Ba8 Kh3 117. Bb7 Nc4 118. Bg2+ Kg4 119. Ba8 Nd2 120. Kg2 Nc4 121. Kg1 Ne3 122. Bb7 Kf5 123. Ba8 Ke5 124. Bb7 Kd4 125. Ba8 Kc3 126. Bb7 Kd2 127. Ba8 Ke1 128. Bg2 Ke2 129. Ba8 Kd1 130. Bb7 Kc1 131. Ba8 Kb2 132. Bb7 Ka3 133. Ba8 Kb4 134. Bb7 Kc5 135. Ba8 Kb6 136. Bg2 Kc5 137. Bf3 Kd6 138. Ba8 Ke5 139. Bb7 Kf6 140. Ba8 Ke7 141. Bb7 Kd6 142. Ba8 Kc7 143. Bg2 Kd8 144. Bf3 Ke7 145. Bg2 Kf8 146. Bf3 Kg7 147. Bg2 Kh8 148. Bf3 Kg7 149. Bg2 Kh6 150. Bf3 Kg5 151. Bg2 Kh4 152. Ba8 Kg4 153. Bb7 Kf4 154. Ba8 Nf5 155. Bb7 Nh4 156. Ba8 Ke3 1/2-1/2

[Event "Early-Titled-Tuesday-Blitz-April-16-2024"]
[Site "Chess.com"]
[Date "2024.04.16"]
[Round "9"]
[White "DonCiao"]
[Black "Kotofeyca"]
[Result "0-1"]
[WhiteElo "2073"]
[BlackElo "2471"]
[TimeControl "180+1"]
[EndTime "9:43:10 PDT"]
[Termination "Kotofeyca won by resignation"]

1. c4 c6 2. g3 d5 3. Nf3 Nf6 4. Bg2 Bf5 5. Qb3 Qc8 6. cxd5 cxd5 7. O-O Nc6 8. d3 e6 9. Bf4 Be7 10. Nc3 O-O 11. Rac1 Bg4 12. h3 Bxf3 13. Bxf3 Nd4 14. Bg2 Nxb3 0-1

[Event "Early-Titled-Tuesday-Blitz-April-16-2024"]
[Site "Chess.com"]
[Date "2024.04.16"]
[Round "9"]
[White "WiktoriaPOL"]
[Black "campochess"]
[Result "1-0"]
[WhiteElo "2390"]
[BlackElo "2221"]
[TimeControl "180+1"]
[EndTime "9:44:29 PDT"]
[Termination "WiktoriaPOL won by resignation"]

1. c4 e6 2. Nc3 c6 3. e4 d5 4. cxd5 cxd5 5. exd5 exd5 6. d4 Nf6 7. Bg5 Be7 8. Bd3 O-O 9. h3 Nc6 10. Nf3 Ne4 11.
Bxe7 Nxc3 12. Bxh7+ Kxh7 13. Qc2+ Ne4 14. Bxd8 Rxd8 15.
Ng5+ Kg8 16. Nxe4 Bf5 17. Nf6+ gxf6 18. Qxf5 Nxd4 19. Qg4+ Kf8 20. Qxd4 1-0

[Event "Early-Titled-Tuesday-Blitz-April-16-2024"]
[Site "Chess.com"]
[Date "2024.04.16"]
[Round "9"]
[White "Alen_Yeremyann"]
[Black "Msb2"]
[Result "0-1"]
[WhiteElo "2831"]
[BlackElo "3021"]
[TimeControl "180+1"]
[EndTime "9:44:35 PDT"]
[Termination "Msb2 won by resignation"]

1. e4 e6 2. Nc3 d5 3. Qe2 d4 4.
Nd1 e5 5. d3 c5 6. g3 Nc6 7.
Bg2 h5 8. h3 h4 9. g4 g5 10.
Nf3 f6 11. O-O Be6 12. c4 Nge7 13. a3 Ng6 14. Ne1 Be7 15. Nc2 O-O 16. Bd2 a6 17. b4 b5 18. Nb2 bxc4 19. dxc4 d3 20. Nxd3 Bxc4 21. Nce1 cxb4 22. axb4 Bxb4 23. Rc1 Nd4 24.
Qe3 Bxd2 25. Qxd2 Bb5 26. Qa2+ Kh8 27. Nb4 Ne2+ 0-1

[Event "Early-Titled-Tuesday-Blitz-April-16-2024"]
[Site "Chess.com"]
[Date "2024.04.16"]
[Round "9"]
[White "shirovin"]
[Black "yuriydovzik"]
[Result "1-0"]
[WhiteElo "2059"]
[BlackElo "2122"]
[TimeControl "180+1"]
[EndTime "9:44:35 PDT"]
[Termination "shirovin won by checkmate"]

1. e4 c6 2. d4 Na6 3. Nc3 Nc7 4. f4 d5 5. Nf3 Bg4 6. h3 Bxf3 7. Qxf3 e6 8. Bd3 Bb4 9. O-O Nf6 10. e5 Nd7 11. f5 O-O 12. f6 g6 13. Qf4 c5 14. Qh6 Re8 15. Qg7# 1-0

[Event "Early-Titled-Tuesday-Blitz-April-16-2024"]
[Site "Chess.com"]
[Date "2024.04.16"]
[Round "9"]
[White "JJDAREK"]
[Black "Lily_Schirmbeck"]
[Result "1-0"]
[WhiteElo "2316"]
[BlackElo "1561"]
[TimeControl "180+1"]
[EndTime "9:44:42 PDT"]
[Termination "JJDAREK won by checkmate"]

1. d4 Nf6 2. c4 g6 3. Nc3 d5 4. cxd5 Nxd5 5. Bd2 Bg7 6. e4 Nxc3 7. Bxc3 O-O 8. h4 c5 9. d5 Bxc3+ 10. bxc3 Qa5 11. Qd2 e6 12. d6 e5 13. h5 Be6 14. hxg6 fxg6 15.
Nf3 Nc6 16. Ng5 Bd7 17. Bc4+ Kg7 18. Rxh7+ Kf6 19. Rxd7 b5 20. Nh7# 1-0

[Event "Early-Titled-Tuesday-Blitz-April-16-2024"]
[Site "Chess.com"]
[Date "2024.04.16"]
[Round "9"]
[White "klercaku"]
[Black "kleber2007"]
[Result "1-0"]
[WhiteElo "2240"]
[BlackElo "2553"]
[TimeControl "180+1"]
[EndTime "9:44:54 PDT"]
[Termination "klercaku won by resignation"]

1. e4 c5 2. Nf3 d6 3. d4 cxd4 4. Nxd4 Nf6 5. Nc3 a6 6. Be2 e5 7. Nb3 Be7 8. Be3 O-O 9. O-O Be6 10. f4 exf4 11. Bxf4 Nc6 12. Qd2 Ne5 13. Bxe5 dxe5 14. Qxd8 Rfxd8 15. Rad1 Bb4 16. Bf3 Bxc3 17. bxc3 Nd7 18.
Rd6 Nc5 19. Rxd8+ Rxd8 20. Nxc5 Bxa2 21. Nxb7 Bc4 22. Nxd8 1-0

[Event "Early-Titled-Tuesday-Blitz-April-16-2024"]
[Site "Chess.com"]
[Date "2024.04.16"]
[Round "9"]
[White "CristianS27"]
[Black "LegenDaDaDa"]
[Result "1-0"]
[WhiteElo "2536"]
[BlackElo "2311"]
[TimeControl "180+1"]
[EndTime "9:45:04 PDT"]
[Termination "CristianS27 won by checkmate"]

1. e4 e5 2. Nf3 Nc6 3. Bc4 Bc5 4. c3 Nf6 5. d4 exd4 6. cxd4 Bb4+ 7.
Nc3 Nxe4 8. O-O Bxc3 9. d5 Ne5 10. bxc3 Nxc4 11. Qd4 f5 12. Qxc4 d6 13. Re1 O-O 14.
Rb1 Qf6 15. Nd4 Qf7 16. Ne6 Bxe6 17. dxe6 Qe7 18. Rxb7 Nc5 19. Bg5 Qxg5 20. e7+ Kh8 21. exf8=Q+ Rxf8 22. Qf7 Rg8 23. Rxc7 Qd2 24. Qxg8+ Kxg8 25. Re8# 1-0

[Event "Early-Titled-Tuesday-Blitz-April-16-2024"]
[Site "Chess.com"]
[Date "2024.04.16"]
[Round "9"]
[White "FGHSMN"]
[Black "Jospem"]
[Result "0-1"]
[WhiteElo "2894"]
[BlackElo "3066"]
[TimeControl "180+1"]
[EndTime "9:45:11 PDT"]
[Termination "Jospem won by resignation"]

1. e4 c5 2. Nf3 d6 3. d4 cxd4 4. Nxd4 a6 5. Nc3 e6 6. Be3 b5 7. a4 b4 8. Na2 Nf6 9. Bd3 Bb7 10. f3 e5 11. Nb3 Nc6 12. O-O Be7 13. Qd2 d5 14. Nd4 Nxd4 15. Bxd4 dxe4 16. Bxe5 exd3 17.
cxd3 O-O 18. d4 a5 19. Nc1 Nd7 20. Bg3 Bg5 21. Qf2 Re8 22. f4 Bf6 23. Nd3 Ba6 24.
Rfd1 Bxd3 25. Rxd3 Nc5 26. Rdd1 Nb3 0-1

[Event "Early-Titled-Tuesday-Blitz-April-16-2024"]
[Site "Chess.com"]
[Date "2024.04.16"]
[Round "9"]
[White "Fernando_Offermann"]
[Black "GMCarbone"]
[Result "0-1"]
[WhiteElo "2446"]
[BlackElo "2582"]
[TimeControl "180+1"]
[EndTime "9:45:29 PDT"]
[Termination "GMCarbone won by resignation"]

1. Nf3 Nf6 2. g3 d5 3. Bg2 e6 4. O-O Be7 5. d3 c5 6. Nbd2 Nc6 7. e4 b5 8. a4 b4 9. e5 Nd7 10. Re1 Qc7 11. Qe2 h6 12. h4 a5 13.
Nf1 Ba6 14. h5 Nd4 15. Nxd4 cxd4 16. Bf4 Rc8 17. Rac1 Nc5 18. b3 O-O 19. Qg4 Kh8 20. Bd2 Nd7 21. Qxd4 Bc5 22. Qf4 f6 23. exf6 Rxf6 24.
Qxc7 Rxc7 25. Nh2 Bxf2+ 26. Kf1 Bxg3+ 0-1

[Event "Early-Titled-Tuesday-Blitz-April-16-2024"]
[Site "Chess.com"]
[Date "2024.04.16"]
[Round "9"]
[White "Iskusnyh"]
[Black "LastHeroJr"]
[Result "1-0"]
[WhiteElo "2603"]
[BlackElo "2479"]
[TimeControl "180+1"]
[EndTime "9:45:31 PDT"]
[Termination "Iskusnyh won by resignation"]

1. d4 d5 2. c4 c6 3. Nf3 Nf6 4. e3 e6 5. b3 Be7 6. Bd3 O-O 7. O-O Nbd7 8. Bb2 b6 9. Nc3 Bb7 10. Qe2 Rc8 11. Rad1 Ba8 12. e4 dxe4 13. Nxe4 Re8 14. Rfe1 Nf8 15. Ng3 Ng6 16. Ne5 Qc7 17. Nh5 Bb4 18.
Nxf6+ gxf6 19. Ng4 Qf4 20. Bc1 Qc7 21. Nxf6+ Kg7 22.
Nxe8+ Rxe8 23. Bd2 c5 24. Bxb4 cxb4 25. d5 Qb7 26.
Be4 f5 27. Bxf5 1-0

[Event "Early-Titled-Tuesday-Blitz-April-16-2024"]
[Site "Chess.com"]
[Date "2024.04.16"]
[Round "9"]
[White "sorch29"]
[Black "Ariadna_Atreides"]
[Result "0-1"]
[WhiteElo "2443"]
[BlackElo "2231"]
[TimeControl "180+1"]
[EndTime "9:45:37 PDT"]
[Termination "Ariadna_Atreides won by resignation"]

1. Nf3 Nf6 2. d4 e6 3. Bg5 Be7 4. Nc3 d5 5. Bxf6 Bxf6 6. e4 dxe4 7. Nxe4 b6 8. Bd3 Bb7 9. c3 Nd7 10. Qe2 Be7 11. O-O-O O-O 12. h4 Bxe4 13. Bxe4 Rc8 14. g4 Re8 15. g5 Nf8 16. Rhg1 Qd6 17. h5 c5 18. g6 Qf4+ 19. Kb1 fxg6 20. hxg6 h6 21.
Ne5 cxd4 22. Rxd4 Qxe5 23. Qf3 Qf6 0-1

[Event "Early-Titled-Tuesday-Blitz-April-16-2024"]
[Site "Chess.com"]
[Date "2024.04.16"]
[Round "9"]
[White "le-castor-faineant"]
[Black "martinmena"]
[Result "0-1"]
[WhiteElo "2309"]
[BlackElo "2166"]
[TimeControl "180+1"]
[EndTime "9:45:48 PDT"]
[Termination "martinmena won by resignation"]

1. e4 c6 2. Nf3 d5 3. Nc3 Bg4 4.
exd5 cxd5 5. d4 Nc6 6. Be2 e6 7. O-O Nf6 8. Bf4 Bd6 9. Bxd6 Qxd6 10. a4 O-O 11. Nb1 Bxf3 12. Bxf3 Qb4 13. c3 Qxb2 14. Ra3 Na5 15. Be2 Rfc8 16. Qc1 Qxe2 0-1

[Event "Early-Titled-Tuesday-Blitz-April-16-2024"]
[Site "Chess.com"]
[Date "2024.04.16"]
[Round "9"]
[White "YegoryoCh"]
[Black "Korchmar_Vasiliy"]
[Result "0-1"]
[WhiteElo "2580"]
[BlackElo "2717"]
[TimeControl "180+1"]
[EndTime "9:45:54 PDT"]
[Termination "Korchmar_Vasiliy won by resignation"]

1. e4 c5 2. Nf3 d6 3. d4 cxd4 4. Nxd4 Nf6 5. Nc3 e5 6. Nb3 Be7 7. Bg5 O-O 8. Qd2 a5 9. a4 Be6 10. O-O-O Nc6 11. Bxf6 Bxf6 12. Qxd6 Qc8 13. Nd5 Bxd5 14.
exd5 Be7 15. dxc6 Bxd6 16. Rxd6 bxc6 17. Bc4 Qg4 18. Nd2 Rad8 19. Rxd8 Rxd8 20. Bd3 Qxg2 21. Re1 Qxh2 0-1

[Event "Early-Titled-Tuesday-Blitz-April-16-2024"]
[Site "Chess.com"]
[Date "2024.04.16"]
[Round "9"]
[White "Root_21"]
[Black "Polish_fighter3000"]
[Result "0-1"]
[WhiteElo "2638"]
[BlackElo "3128"]
[TimeControl "180+1"]
[EndTime "9:46:01 PDT"]
[Termination "Polish_fighter3000 won by resignation"]

1. e4 c5 2. Nf3 a6 3. c4 Nc6 4.
d4 cxd4 5. Nxd4 e5 6. Nf5 d5 7.
cxd5 Bxf5 8. exf5 Nd4 9. Bd3 Qxd5 10. O-O Bb4 11. Nc3 Bxc3 12. bxc3 Nc6 13. Bg5 h6 14. Bh4 Nge7 15. f6 gxf6 16. Bxf6 Rg8 17. f3 Rd8 18. Bh7 Qc5+ 19. Kh1 Rxd1 20. Raxd1 Nd5 21.
Rxd5 Qxd5 22. Bxg8 Qd3 23. Rc1 Qg6 24. Bxe5 Nxe5 25.
Re1 Kf8 26. h4 Qg3 0-1

[Event "Early-Titled-Tuesday-Blitz-April-16-2024"]
[Site "Chess.com"]
[Date "2024.04.16"]
[Round "9"]
[White "KubaGepard"]
[Black "Josgar05"]
[Result "1-0"]
[WhiteElo "2582"]
[BlackElo "2446"]
[TimeControl "180+1"]
[EndTime "9:46:01 PDT"]
[Termination "KubaGepard won by resignation"]

1. d4 d5 2. Nf3 Nf6 3. c4 c6 4. e3 Bf5 5. Bd3 Bxd3 6. Qxd3 e6 7. O-O Bd6 8. Nc3 O-O 9. Rd1 Nbd7 10. e4 dxe4 11. Nxe4 Nxe4 12. Qxe4 Nf6 13. Qe2 Qc7 14. b3 c5 15. h3 cxd4 16. Nxd4 a6 17. Nxe6 Qe7 18.
Nd4 Be5 19. Bb2 Rfe8 20. Kf1 Bxd4 21. Qxe7 Rxe7 22. Bxd4 Nh5 23. g3 Rc8 24. Re1 Rd7 25.
Be3 Nf6 26. Rad1 Kf8 27. Bf4 Rcd8 28. Rxd7 Rxd7 29. c5 Nd5 30. Bd6+ Ne7 31. Ke2 f6 32. Kd3 Kf7 33. Rxe7+ Rxe7 34. Bxe7 Kxe7 35. Kd4 Ke6 36. b4 h5 37. a4 g5 38. h4 gxh4 39. gxh4 f5 40. f4 1-0

[Event "Early-Titled-Tuesday-Blitz-April-16-2024"]
[Site "Chess.com"]
[Date "2024.04.16"]
[Round "9"]
[White "BardArtem"]
[Black "PolandHussars"]
[Result "1-0"]
[WhiteElo "2844"]
[BlackElo "2591"]
[TimeControl "180+1"]
[EndTime "9:46:15 PDT"]
[Termination "BardArtem won by resignation"]

1. e4 e5 2. d4 exd4 3. Qxd4 Nc6 4. Qd3 g6 5. Nc3 Bg7 6. Bf4 d6 7. O-O-O Be6 8. f3 Nf6 9. h4 Qd7 10. g4 O-O-O 11. h5 Rhe8 12. Qb5 Kb8 13. e5 Nxe5 14. Bxe5 Qxb5 15. Bxb5 dxe5 16. Bxe8 Rxe8 17. hxg6 hxg6 18. Nge2 c6 19. Ng3 Nd5 20. Nxd5 Bxd5 21. Ne4 f5 22. gxf5 gxf5 23. Nd6 Rf8 24. Rh7 Rf6 25. Rxg7 Rxd6 26.
c4 Rd7 27. Rxd7 1-0

[Event "Early-Titled-Tuesday-Blitz-April-16-2024"]
[Site "Chess.com"]
[Date "2024.04.16"]
[Round "9"]
[White "dianamirza"]
[Black "Felix-Rose"]
[Result "0-1"]
[WhiteElo "1944"]
[BlackElo "2184"]
[TimeControl "180+1"]
[EndTime "9:46:22 PDT"]
[Termination "Felix-Rose won by resignation"]

1. e4 e5 2. Nf3 Nc6 3. Bb5 a6 4. Bxc6 dxc6 5. O-O Qf6 6. Nc3 Ne7 7. d4 exd4 8. Nxd4 Bd7 9. f4 O-O-O 10. e5 Qh4 11.
Qf3 Ng6 12. Be3 Bc5 13. Rad1 Bg4 14. Qe4 Bxd1 15. Rxd1 Nxf4 16. Qf5+ Ne6 17. Nxe6 Bxe3+ 18. Kh1 Rxd1+ 19. Nxd1 Qe1+ 0-1

[Event "Early-Titled-Tuesday-Blitz-April-16-2024"]
[Site "Chess.com"]
[Date "2024.04.16"]
[Round "9"]
[White "ferdipy"]
[Black "Herzog2012"]
[Result "0-1"]
[WhiteElo "2299"]
[BlackElo "2535"]
[TimeControl "180+1"]
[EndTime "9:46:35 PDT"]
[Termination "Herzog2012 won by resignation"]

1. e4 c5 2. d4 cxd4 3. c3 Nf6 4. e5 Nd5 5. Nf3 d6 6. cxd4 Nc6 7. Bc4 Nb6 8. Bb3 dxe5 9. dxe5 Qxd1+ 10. Bxd1 Bg4 11.
Bf4 e6 12. Nbd2 Bb4 13. O-O O-O-O 14. Ne4 Nd5 15. Bg3 Bxf3 16. Bxf3 Nd4 17. Nd6+ Bxd6 18. Bxd5 Ne2+ 19. Kh1 Nxg3+ 20. hxg3 Bxe5 21. Bxb7+ Kxb7 0-1

[Event "Early-Titled-Tuesday-Blitz-April-16-2024"]
[Site "Chess.com"]
[Date "2024.04.16"]
[Round "9"]
[White "Iball95"]
[Black "azikom"]
[Result "1-0"]
[WhiteElo "2894"]
[BlackElo "2709"]
[TimeControl "180+1"]
[EndTime "9:46:41 PDT"]
[Termination "Iball95 won by resignation"]

1. e4 c6 2. d4 d5 3. exd5 cxd5 4. c4 Nf6 5. Nc3 e6 6. c5 b6 7. b4 Be7 8. Nf3 O-O 9. Bd3 Nc6 10. b5 Nb4 11. c6 Nxd3+ 12. Qxd3 a6 13. O-O axb5 14.
Nxb5 Ra4 15. Bf4 Ba6 16. Rfb1 Ne4 17. Ne5 f6 18. Nd7 Rf7 19. f3 Nd6 20. Bxd6 Bxd6 21. Qe3 e5 22. Nxd6 1-0

[Event "Early-Titled-Tuesday-Blitz-April-16-2024"]
[Site "Chess.com"]
[Date "2024.04.16"]
[Round "9"]
[White "Navyblue1"]
[Black "pfalcon1949"]
[Result "0-1"]
[WhiteElo "2251"]
[BlackElo "1944"]
[TimeControl "180+1"]
[EndTime "9:46:41 PDT"]
[Termination "pfalcon1949 won by checkmate"]

1. d4 Nf6 2. c4 c5 3. d5 b5 4. cxb5 a6 5. e3 g6 6. Nc3 Bg7 7. a4 O-O 8. Ra3 Bb7 9. Nf3 e6 10. dxe6 fxe6 11. Qd6 Nd5 12. Nxd5 Bxd5 13. Qxc5 axb5 14.
Bxb5 Na6 15. Bxa6 Rxa6 16. O-O Rxf3 17. e4 Rxa3 18. bxa3 Bxe4 19. Re1 Bd5 20. Bf4 Rxa4 21. Bc7 Qg5 22. Bd6 Qxg2# 0-1

[Event "Early-Titled-Tuesday-Blitz-April-16-2024"]
[Site "Chess.com"]
[Date "2024.04.16"]
[Round "9"]
[White "lcmil"]
[Black "littlepinkyboy"]
[Result "1-0"]
[WhiteElo "2523"]
[BlackElo "2654"]
[TimeControl "180+1"]
[EndTime "9:46:42 PDT"]
[Termination "lcmil won by resignation"]

1. e4 c5 2. Nf3 Nc6 3. d4 cxd4 4. Nxd4 g6 5. Nc3 Bg7 6. Be3 d6 7. f3 Nf6 8. Qd2 O-O 9. g4 Ne5 10. h4 Bxg4 11. fxg4 Nfxg4 12. Bg5 h6 13. Bf4 Rc8 14. O-O-O Rxc3 15. Qxc3 Nf2 16. Be2 Nxh1 17. Rxh1 Nc6 18. Nxc6 bxc6 19. Qd2 Qa5 20. Qxa5 1-0

[Event "Early-Titled-Tuesday-Blitz-April-16-2024"]
[Site "Chess.com"]
[Date "2024.04.16"]
[Round "9"]
[White "familijatop71"]
[Black "Rawnsdale"]
[Result "0-1"]
[WhiteElo "2312"]
[BlackElo "2488"]
[TimeControl "180+1"]
[EndTime "9:46:48 PDT"]
[Termination "Rawnsdale won by resignation"]

1. e4 c6 2. d4 d5 3. e5 c5 4. c3 Nc6 5. Be2 Bf5 6. Nf3 e6 7. O-O Qb6 8. dxc5 Bxc5 9. b4 Be7 10. Be3 Qc7 11. b5 Nxe5 12. Nxe5 Qxe5 13. Bd4 Qf4 14. Bxg7 Bf6 15. Bxh8 Bxh8 16. Bd3 Ne7 17. Bxf5 Nxf5 18. Re1 O-O-O 19. a4 Rg8 20. a5 Nh4 21. g3 Nf3+ 22. Kh1 Qf5 23. Re2 Qh3 0-1

[Event "Early-Titled-Tuesday-Blitz-April-16-2024"]
[Site "Chess.com"]
[Date "2024.04.16"]
[Round "9"]
[White "GAO"]
[Black "chezzgirl04"]
[Result "0-1"]
[WhiteElo "2316"]
[BlackElo "2188"]
[TimeControl "180+1"]
[EndTime "9:46:50 PDT"]
[Termination "chezzgirl04 won by resignation"]

1. e4 e5 2. Nf3 Nc6 3. Bc4 Bc5 4. c3 Nf6 5. d3 d6 6. O-O Be6 7. Bb5 O-O 8. Bxc6 bxc6 9. d4 exd4 10. cxd4 Bb6 11. Re1 d5 12. e5 Ne4 13. Nbd2 Bf5 14.
Nb3 Bg4 15. Be3 f6 16. h3 Bh5 17. g4 Bg6 18. Rc1 Qd7 19. exf6 gxf6 20. a4 a5 21.
Nfd2 Rae8 22. Nxe4 Rxe4 23. Nc5 Bxc5 24. Rxc5 f5 25.
Bh6 Rfe8 26. Rxe4 Rxe4 27. f3 Re6 28. Rxa5 Qe8 29. Kf2 fxg4 30. hxg4 Bc2 31. Qd2 Bd3 32. Bf4 Re2+ 0-1

[Event "Early-Titled-Tuesday-Blitz-April-16-2024"]
[Site "Chess.com"]
[Date "2024.04.16"]
[Round "9"]
[White "UK_23"]
[Black "cristiano78"]
[Result "1-0"]
[WhiteElo "2484"]
[BlackElo "2276"]
[TimeControl "180+1"]
[EndTime "9:46:51 PDT"]
[Termination "UK_23 won by resignation"]

1. e4 c5 2. Nf3 d6 3. d4 cxd4 4.
Nxd4 Nf6 5. Nc3 g6 6. f3 Bg7 7.
Be3 O-O 8. Qd2 Nc6 9. Bc4 Bd7 10.
Bb3 Rc8 11. O-O-O Ne5 12. Bh6 Nc4 13. Bxc4 Rxc4 14. Bxg7 Kxg7 15. h4 h5 16. g4 Qa5 17.
Nb3 Qb4 18. e5 Ne8 19. gxh5 Rxh4 20. Qg5 Rxh1 21. Rxh1 Rh8 22. h6+ Kh7 23. Qxe7 Qf4+ 24. Kb1 Bc6 25. e6 Qf6 26. Qxf7+ Qxf7 27. exf7 Nf6 28.
Nd4 Rf8 29. Ne6 Rxf7 30. Ng5+ Kg8 31. Nxf7 Kxf7 32. h7 1-0

[Event "Early-Titled-Tuesday-Blitz-April-16-2024"]
[Site "Chess.com"]
[Date "2024.04.16"]
[Round "9"]
[White "lamomiajunior"]
[Black "RantomOpening"]
[Result "1-0"]
[WhiteElo "2725"]
[BlackElo "2517"]
[TimeControl "180+1"]
[EndTime "9:46:55 PDT"]
[Termination "lamomiajunior won by resignation"]

1. d4 d5 2. Nc3 Nf6 3. Bf4 a6 4. e3 e6 5. g4 Bd6 6. Qf3 c5 7.
g5 Ng8 8. h4 Ne7 9. O-O-O Nbc6 10. Nge2 Nf5 11. Bxd6 Qxd6 12. dxc5 Qxc5 13. h5 d4 14.
exd4 Nfxd4 15. Nxd4 Nxd4 16. Qe3 e5 17. h6 g6 18. Bd3 Bg4 19. Rde1 O-O-O 20. Qxe5 Qxe5 21. Rxe5 Nf3 22. Rc5+ Kb8 23. Ne4 Bf5 24.
b4 Rc8 25. Rxc8+ Rxc8 26. Nd6 Bxd3 27. Nxc8 Bc4 28. Nd6 Bxa2 29. c4 Nxg5 30. Kb2 Kc7 31. Rd1 Bxc4 32. Nxc4 Ne4 33. Ne5 f6 34. Nxg6 1-0

[Event "Early-Titled-Tuesday-Blitz-April-16-2024"]
[Site "Chess.com"]
[Date "2024.04.16"]
[Round "9"]
[White "CarlosjPineror"]
[Black "LeoLV10"]
[Result "1-0"]
[WhiteElo "2712"]
[BlackElo "2514"]
[TimeControl "180+1"]
[EndTime "9:46:58 PDT"]
[Termination "CarlosjPineror won by checkmate"]

1. e4 c6 2. d4 d5 3. e5 Bf5 4. Nf3 e6 5. Bd3 Bxd3 6. Qxd3 Nd7 7. O-O Ne7 8. h4 Nf5 9. h5 h6 10. Nc3 a6 11. Ne2 c5 12. c3 Qb6 13. g4 Ne7 14.
a3 cxd4 15. cxd4 Nc6 16. b4 Be7 17. Be3 Qd8 18. Rac1 Nb6 19. Nd2 Rc8 20. f4 O-O 21. f5 Bg5 22. f6 Nc4 23. Bxg5 hxg5 24. Nxc4 dxc4 25. Qe3 gxf6 26. Rxf6 Kh8 27. Qxg5 Qxf6 28.
Qxf6+ Kh7 29. Rf1 c3 30. g5 Rg8 31. Qh6# 1-0

[Event "Early-Titled-Tuesday-Blitz-April-16-2024"]
[Site "Chess.com"]
[Date "2024.04.16"]
[Round "9"]
[White "GelmanAlexander"]
[Black "zverr1"]
[Result "1/2-1/2"]
[WhiteElo "2656"]
[BlackElo "2512"]
[TimeControl "180+1"]
[EndTime "9:47:05 PDT"]
[Termination "Game drawn by repetition"]

1. c4 c5 2. Nf3 Nc6 3. e3 e5 4.
d3 g6 5. a3 Bg7 6. Nc3 Nge7 7.
Be2 O-O 8. O-O a5 9. Rb1 d6 10. b3 h6 11. Bb2 Be6 12. Nd2 d5 13. cxd5 Nxd5 14. Nxd5 Bxd5 15. Qc2 Rc8 16. Bf3 b6 17. Rfd1 Bxf3 18. Nxf3 Qd5 19. Nd2 Qe6 20. h3 Rfd8 21. Rbc1 Kh7 22. Nc4 Ne7 23. e4 Rb8 24. a4 Nc6 25. Bc3 f5 26. Qe2 f4 27. Qg4 Qxg4 28.
hxg4 g5 29. Kf1 Kg6 30. Ke2 Bf6 31. f3 Rb7 32. Rh1 Rbb8 33. Rh3 Bg7 34. Rhh1 Bf6 35. Na3 Rd7 36. Nb5 Rbd8 37. Rhd1 Bg7 38. Na3 Rb8 39. Nc4 Bf6 40. Rg1 Bg7 41. Rgd1 Bf6 42. Rd2 Bg7 43. Rdd1 1/2-1/2